[Event "Early-Titled-Tuesday-Blitz-April-23-2024"]
[Site "Chess.com"]
[Date "2024.04.23"]
[Round "6"]
[White "ragnaroek66"]
[Black "ubdip"]
[Result "0-1"]
[WhiteElo "2526"]
[BlackElo "2403"]
[TimeControl "180+1"]
[EndTime "9:08:12 PDT"]
[Termination "ubdip won by checkmate"]

1. d4 d5 2. c4 e6 3. Nf3 c6 4. e3 f5 5. Nc3 Nf6 6. Bd3 Bd6 7.
O-O O-O 8. b3 Ne4 9. Ne2 Bd7 10.
Bb2 Be8 11. Ne5 Nd7 12. f3 Nef6 13. Nf4 Qe7 14. Be2 Rd8 15. Nfd3 Kh8 16. Qe1 Ng8 17. a4 Nh6 18. a5 a6 19. Nf2 Nxe5 20. dxe5 Bc5 21. Qc1 f4 22. exf4 Nf5 23. Kh1 Qh4 24.
Nh3 Be3 25. Qe1 Qh6 26. cxd5 cxd5 27. Bc1 Bd4 28. Rb1 Rc8 29. Bd3 Bb5 30. Qe2 Bxd3 31.
Qxd3 Rc3 32. Qd2 Rfc8 33. Ba3 Rc2 34. Rbc1 Rxc1 35. Rxc1 Re8 36. Re1 Qh4 37. Re2 Rc8 38.
Bb2 Ba7 39. Re1 h6 40. Ng1 Ng3# 0-1

[Event "Early-Titled-Tuesday-Blitz-April-23-2024"]
[Site "Chess.com"]
[Date "2024.04.23"]
[Round "6"]
[White "Kirill_Klukin"]
[Black "Timerkhanov"]
[Result "1-0"]
[WhiteElo "2836"]
[BlackElo "2640"]
[TimeControl "180+1"]
[EndTime "9:08:14 PDT"]
[Termination "Kirill_Klukin won by resignation"]

1. d4 d5 2. c4 c6 3. Nf3 Nf6 4. Nc3 dxc4 5. e3 Be6 6. Ng5 Qc8 7. Nxe6 Qxe6 8. a4 a5 9. Qe2 Na6 10. Qxc4 Qxc4 11. Bxc4 Nb4 12. Ke2 e6 13. Bd2 Be7 14.
Na2 O-O 15. Nxb4 axb4 16. a5 Ne4 17. Be1 b6 18. a6 b5 19. Bd3 Nf6 20. Bd2 Rfb8 21.
Rhc1 Rb6 22. a7 Kf8 23. e4 Ke8 24. Bf4 Kd7 25. h3 Ne8 26. d5 exd5 27. exd5 cxd5 28.
Bf5+ Re6+ 29. Kd3 Bd6 30. Be3 Be5 31. Ra5 Nc7 32. Bb6 g6 33. Bxe6+ Nxe6 34. Rxb5 Bxb2 35.
Rc2 Bc3 36. g3 Kc6 37. Rxb4 d4 38. Bxd4 1-0

[Event "Early-Titled-Tuesday-Blitz-April-23-2024"]
[Site "Chess.com"]
[Date "2024.04.23"]
[Round "6"]
[White "soloderisas"]
[Black "ChainedDowntohell"]
[Result "1-0"]
[WhiteElo "2760"]
[BlackElo "2574"]
[TimeControl "180+1"]
[EndTime "9:08:15 PDT"]
[Termination "soloderisas won on time"]

1. d4 d5 2. Nf3 Bf5 3. c4 e6 4. Nc3 Nf6 5. Bf4 dxc4 6. e3 Bd6 7. Bg3 Ne4 8. Bxc4 Nxg3 9. hxg3 O-O 10. Rc1 c5 11. Nb5 Nc6 12. O-O cxd4 13. Nfxd4 Nxd4 14. Qxd4 Be7 15. Rfd1 Qa5 16. a3 Rfd8 17. Qf4 Bg6 18.
Nc7 Rac8 19. Nxe6 Rxd1+ 20. Rxd1 Qa4 21. b3 Qxa3 22. Rd7 Bf6 23. Ng5 Rf8 24. Nf3 Qc1+ 25.
Kh2 a6 26. Rxb7 a5 27. g4 Qc3 28. g5 Bd8 29. Ne5 1-0

[Event "Early-Titled-Tuesday-Blitz-April-23-2024"]
[Site "Chess.com"]
[Date "2024.04.23"]
[Round "6"]
[White "WindWhistler11"]
[Black "Lupul_Cenusiu"]
[Result "0-1"]
[WhiteElo "2522"]
[BlackElo "2681"]
[TimeControl "180+1"]
[EndTime "9:08:15 PDT"]
[Termination "Lupul_Cenusiu won on time"]

1. Nf3 Nf6 2. g3 g6 3. Bg2 c5 4. O-O Bg7 5. a3 O-O 6. b4 Ne4 7. c3 d5 8. Qc2 b6 9. d3 Nd6 10. Bb2 Bb7 11. Nbd2 e5 12. e4 dxe4 13. Nxe4 Nxe4 14.
dxe4 c4 15. a4 Nd7 16. Rfd1 Qc7 17. Qe2 Nf6 18. Nd2 Rac8 19. Bf1 Rfd8 20. f3 b5 21. axb5 Qb6+ 22. Qf2 Qxb5 23. Nxc4 Rxd1 24. Rxd1 Rxc4 25. Rd8+ Bf8 26. Bxc4 Qxc4 27. Qc5 Qxc5+ 28. bxc5 Kg7 29. Ba3 Be7 30. Rb8 Bc6 31. Rc8 Bd7 32. Rc7 a5 0-1

[Event "Early-Titled-Tuesday-Blitz-April-23-2024"]
[Site "Chess.com"]
[Date "2024.04.23"]
[Round "6"]
[White "hakanazeri2"]
[Black "ViktoriyaTarasova"]
[Result "1-0"]
[WhiteElo "2536"]
[BlackElo "2361"]
[TimeControl "180+1"]
[EndTime "9:08:15 PDT"]
[Termination "hakanazeri2 won by checkmate"]

1. e4 e5 2. Nc3 Nf6 3. f4 d5 4. exd5 exf4 5. d4 Nxd5 6. Nxd5 Qxd5 7. Bxf4 Bd6 8. Bxd6 Qxd6 9. Bd3 O-O 10. c3 Re8+ 11. Ne2 Bg4 12. Qc2 h6 13. O-O-O Bxe2 14. Bxe2 Nd7 15.
Bf3 c6 16. g3 Nf6 17. Rde1 Rxe1+ 18. Rxe1 Re8 19. Rxe8+ Nxe8 20. Qe4 Nf6 21. Qf5 Qe7 22.
Kd2 g6 23. Qf4 Kg7 24. h4 Qd7 25. g4 Qe6 26. b3 Nd5 27. Qe4 Qd6 28. Qe2 Qf4+ 29.
Kc2 Nf6 30. Kd3 h5 31. gxh5 gxh5 32. Qg2+ Kf8 33. Qe2 Qxh4 34. Qe5 Kg7 35. Kc4 Qh3 36. Qg5+ Kf8 37. Qxf6 Qf1+ 38. Kc5 h4 39. Kd6 Qe1 40. Qh8# 1-0

[Event "Early-Titled-Tuesday-Blitz-April-23-2024"]
[Site "Chess.com"]
[Date "2024.04.23"]
[Round "6"]
[White "Ati1517"]
[Black "AccioChess"]
[Result "1-0"]
[WhiteElo "2265"]
[BlackElo "2435"]
[TimeControl "180+1"]
[EndTime "9:08:16 PDT"]
[Termination "Ati1517 won on time"]

1. e4 e6 2. d4 d5 3. Nd2 Nf6 4. e5 Nfd7 5. c3 c5 6. Bd3 Nc6 7. Ne2 f6 8. exf6 Nxf6 9. O-O Bd6 10. Nf3 O-O 11. dxc5 Bxc5 12. Ned4 Bd6 13. Re1 Re8 14. Bg5 e5 15. Nxc6 bxc6 16. Nd2 e4 17. Bxf6 Qxf6 18. c4 Bf5 19. Bc2 Bc5 20. cxd5 cxd5 21. Qe2 Rad8 22. Nb3 Bb4 23. Red1 Qb6 24. a3 Bf8 25. Nd4 Bg6 26. b4 h6 27. Bb3 Kh7 28. Qb5 Qf6 29. Nc6 Rd6 30. Bxd5 Qg5 31. Qc4 e3 32. fxe3 Qxe3+ 33. Kh1 Rf6 34. Rf1 Rxf1+ 35. Rxf1 Bd6 36. Bf7 Bxf7 37. Rxf7 Re4 38. Qf1 Rf4 39. Rxf4 Bxf4 40. g3 Bd6 41. Na5 Bc7 42. Qf5+ Kh8 43. Qc8+ Kh7 44.
Qxc7 1-0

[Event "Early-Titled-Tuesday-Blitz-April-23-2024"]
[Site "Chess.com"]
[Date "2024.04.23"]
[Round "6"]
[White "SlavenPastar"]
[Black "DrVelja"]
[Result "0-1"]
[WhiteElo "2627"]
[BlackElo "2984"]
[TimeControl "180+1"]
[EndTime "9:08:17 PDT"]
[Termination "DrVelja won on time"]

1. Nf3 d5 2. g3 Nc6 3. d4 Bg4 4. Bg2 e6 5. O-O h5 6. h3 Bf5 7. c4 Qd7 8. Nc3 f6 9. Nh4 Bh7 10. cxd5 exd5 11. e4 O-O-O 12. exd5 Nce7 13. Re1 g5 14. Nf3 g4 15. hxg4 hxg4 16. Nh4 Nf5 17. Nxf5 Bxf5 18. Bf4 Bh6 19. Bxh6 Nxh6 20. Na4 b6 21.
Nc3 Nf7 22. Qe2 Nd6 23. Qa6+ Kb8 24. a4 Qh7 25. Re3 Bc8 26. Qd3 Qh2+ 27. Kf1 Nf5 28. d6 Nxe3+ 29. Qxe3 Rxd6 30. Qe4 c6 31. Qf4 Rd8 32.
Ne4 Ba6+ 33. Ke1 Qg1+ 34. Kd2 Qxa1 35. Nxd6 Qxb2+ 36. Kd1 Qb1+ 37. Kd2 Qd3+ 38. Kc1 Qa3+ 39. Kd2 Qxd6 40. Qxd6+ Rxd6 0-1

[Event "Early-Titled-Tuesday-Blitz-April-23-2024"]
[Site "Chess.com"]
[Date "2024.04.23"]
[Round "6"]
[White "stepanosinovsky"]
[Black "TacticalSam94"]
[Result "1-0"]
[WhiteElo "2382"]
[BlackElo "2198"]
[TimeControl "180+1"]
[EndTime "9:08:22 PDT"]
[Termination "stepanosinovsky won by checkmate"]

1. e4 c5 2. Nf3 d6 3. d4 cxd4 4. Qxd4 a6 5. c4 Nf6 6. Nc3 e6 7. Be2 Be7 8. O-O Nc6 9. Qd2 O-O 10. Rd1 Qc7 11. b3 b6 12. Bb2 Bb7 13. Rac1 Rad8 14. Nd5 exd5 15. cxd5 Qd7 16. dxc6 Bxc6 17. e5 dxe5 18.
Qxd7 Bxd7 19. Nxe5 Bb5 20. Bxb5 axb5 21. Nc6 Rxd1+ 22. Rxd1 Re8 23. Nxe7+ Rxe7 24. Rd8+ Ne8 25. Kf1 f6 26. Bd4 Kf7 27. Bxb6 Rb7 28. Be3 Rc7 29.
Ke2 Rc2+ 30. Rd2 Rxd2+ 31. Kxd2 Ke6 32. Kc3 Kd5 33. Kb4 Kc6 34. a4 bxa4 35. bxa4 Nd6 36. a5 Nf5 37. g4 Ne7 38. Kc4 Nc8 39. a6 Nd6+ 40. Kd4 Nf7 41. Ke4 Nd6+ 42. Kf4 g5+ 43. Kf3 h6 44. a7 Kb7 45. Bc5 f5 46. Bxd6 f4 47. Bf8 Kxa7 48. Bxh6 Kb7 49. Bxg5 Kc6 50.
Bxf4 Kd5 51. h4 Ke6 52. h5 Kf7 53. Be5 Kg8 54. Ke4 Kh7 55. f4 Kh6 56. f5 Kg5 57. Kf3 Kh6 58. Bf4+ Kg7 59. g5 Kh7 60. Be5 Kg8 61.
g6 Kf8 62. h6 Kg8 63. h7+ Kf8 64.
h8=Q+ Ke7 65. Qf6+ Kd7 66. Qd6+ Kc8 67. Qc7# 1-0

[Event "Early-Titled-Tuesday-Blitz-April-23-2024"]
[Site "Chess.com"]
[Date "2024.04.23"]
[Round "6"]
[White "Jospem"]
[Black "Agibileg"]
[Result "1-0"]
[WhiteElo "3081"]
[BlackElo "2816"]
[TimeControl "180+1"]
[EndTime "9:08:23 PDT"]
[Termination "Jospem won by checkmate"]

1. e4 c5 2. Nf3 e6 3. c3 d5 4. e5 d4 5. g3 Nc6 6. d3 Nge7 7.
Bg2 Ng6 8. Qe2 Qc7 9. O-O Ncxe5 10. Nxe5 Qxe5 11. Be4 Qc7 12. cxd4 cxd4 13. Nd2 Be7 14. h4 O-O 15. Nc4 f5 16. Bg2 Bf6 17. h5 Ne7 18.
Bf4 Qd8 19. Rac1 Nc6 20. Rfe1 e5 21. Nxe5 Nxe5 22. Bxe5 Bxe5 23. Qxe5 f4 24. Rc7 Qf6 25. Qxf6 gxf6 26. Bd5+ Kh8 27. Be4 Re8 28. Rxh7+ Kg8 29. Rc7 Kh8 30. Rec1 f5 31. Bd5 fxg3 32. fxg3 f4 33.
Be4 fxg3 34. Rh7+ Kg8 35. Rcc7 Rxe4 36. dxe4 d3 37. Rcg7+ Kf8 38. h6 Be6 39. Rh8+ Bg8 40. Rhxg8# 1-0

[Event "Early-Titled-Tuesday-Blitz-April-23-2024"]
[Site "Chess.com"]
[Date "2024.04.23"]
[Round "6"]
[White "a_kandil"]
[Black "blitzking1729"]
[Result "0-1"]
[WhiteElo "2528"]
[BlackElo "2766"]
[TimeControl "180+1"]
[EndTime "9:08:23 PDT"]
[Termination "blitzking1729 won by resignation"]

1. e4 e5 2. Nf3 Nc6 3. Bc4 Nf6 4.
d3 Bc5 5. c3 d6 6. O-O h6 7. a4 a6 8. b4 Ba7 9. Nbd2 O-O 10. h3 Ne7 11. Re1 Ng6 12. Nf1 Be6 13. Bxe6 fxe6 14. Be3 Kh7 15. c4 a5 16. b5 Bxe3 17.
fxe3 b6 18. Ra2 Qe7 19. g4 d5 20. cxd5 exd5 21. Ng3 Rad8 22. Qe2 dxe4 23. dxe4 Qb4 24. Rc1 Nxe4 25. Nf5 Nc3 26. Qf2 Nxa2 27. Rxc7 Rxf5 28. gxf5 Qb1+ 29. Kg2 Qxf5 30. Qxa2 Rf8 31. Qe2 Qxf3+ 32. Qxf3 Nh4+ 33. Kg3 Nxf3 34. Rc6 Ng5 35.
Rxb6 Ne4+ 36. Kg2 Rf2+ 37. Kg1 Ra2 38. Re6 Ng5 39. Ra6 Nxh3+ 40. Kf1 Rxa4 41. b6 Rb4 42. Rxa5 Rxb6 43. Rxe5 Ng5 44. Kf2 Rf6+ 45. Kg2 Re6 46. Rf5 Rxe3 0-1

[Event "Early-Titled-Tuesday-Blitz-April-23-2024"]
[Site "Chess.com"]
[Date "2024.04.23"]
[Round "6"]
[White "Maria_Elayza"]
[Black "RamonManon0g"]
[Result "0-1"]
[WhiteElo "2168"]
[BlackElo "2456"]
[TimeControl "180+1"]
[EndTime "9:08:23 PDT"]
[Termination "RamonManon0g won by resignation"]

1. d4 Nf6 2. Bf4 g6 3. e3 d6 4. Nf3 Bg7 5. Be2 O-O 6. O-O Nh5 7. Bg3 Nxg3 8. hxg3 c5 9. c3 Qb6 10. Qb3 Be6 11.
Qxb6 axb6 12. a3 Nc6 13. Nbd2 cxd4 14. exd4 Na5 15. Rfe1 Rac8 16. Ng5 Bf5 17. Bf3 Rfe8 18. Be4 Bg4 19. Bf3 Bd7 20. Be4 Bh6 21. Ngf3 e5 22.
dxe5 dxe5 23. Bd5 Bc6 24. Ba2 e4 25. b4 exf3 26. Nf1 fxg2 27. Ne3 Bf3 28. bxa5 bxa5 29. Nxg2 Bd2 30. Rxe8+ Rxe8 31. Rb1 Re2 32. Bc4 Re7 33.
Rb3 a4 34. Rb4 Bc6 35. Bb5 Bxc3 36. Rb1 Bf3 37. Bxa4 Be4 38. Re1 Bxe1 39. Nxe1 Bc6 40. Bxc6 Rxe1+ 41. Kg2 bxc6 0-1

[Event "Early-Titled-Tuesday-Blitz-April-23-2024"]
[Site "Chess.com"]
[Date "2024.04.23"]
[Round "6"]
[White "Witik"]
[Black "masnyszachistaaa"]
[Result "1-0"]
[WhiteElo "2766"]
[BlackElo "2577"]
[TimeControl "180+1"]
[EndTime "9:08:24 PDT"]
[Termination "Witik won by checkmate"]

1. d4 Nf6 2. Nf3 g6 3. c4 Bg7 4. g3 O-O 5. Bg2 d6 6. O-O Nbd7 7. b3 a5 8. Nc3 c6 9. Bb2 Qc7 10. Qc2 e5 11. Rfd1 Rd8 12. c5 dxc5 13. dxe5 Ne8 14. Ne4 Nxe5 15. Bxe5 Rxd1+ 16. Rxd1 Bxe5 17. Nxe5 Qxe5 18. Rd8 Bh3 19. Rd1 Bxg2 20. Kxg2 b6 21. Qd3 Nc7 22.
f4 Qe7 23. Ng5 Nd5 24. e4 Nb4 25. Qd7 Re8 26. a3 Nc2 27. Qxe7 Rxe7 28. Rd8+ Kg7 29. e5 Ne3+ 30. Kf3 Nf5 31. Ne4 Nd4+ 32. Ke3 Nxb3 33. Nf6 c4 34. g4 g5 35. Rg8+ Kh6 36. fxg5# 1-0

[Event "Early-Titled-Tuesday-Blitz-April-23-2024"]
[Site "Chess.com"]
[Date "2024.04.23"]
[Round "6"]
[White "Grossboss19"]
[Black "Jojo_898"]
[Result "1-0"]
[WhiteElo "2619"]
[BlackElo "2432"]
[TimeControl "180+1"]
[EndTime "9:08:24 PDT"]
[Termination "Grossboss19 won by checkmate"]

1. e4 d6 2. Nf3 Nf6 3. e5 dxe5 4. Nxe5 g6 5. d4 Bg7 6. Bc4 O-O 7. O-O Nbd7 8. Qe2 Nb6 9. c3 Nxc4 10. Qxc4 Be6 11.
Qb5 Qc8 12. Be3 Nd5 13. Qe2 Nxe3 14. Qxe3 Re8 15. Nd2 f6 16. Nd3 Bf7 17. Rfe1 e5 18.
dxe5 fxe5 19. Ne4 Qf5 20. f3 b6 21. b3 Rad8 22. Rad1 Rd7 23. Ndf2 Red8 24. Rxd7 Rxd7 25.
Rd1 Rxd1+ 26. Nxd1 Qd7 27. Ndf2 a5 28. Ng5 a4 29. Nxf7 Qxf7 30. c4 Qd7 31. Nd3 axb3 32. axb3 Qd6 33. h3 Qa3 34. Nf2 Qa1+ 35. Kh2 Bf8 36.
Qd3 Bc5 37. Ne4 Bg1+ 38. Kg3 Qe1+ 39. Kg4 Bd4 40. Qd2 Qf1 41. Kg3 Kg7 42. h4 Qb1 43. Qg5 Qe1+ 44. Kg4 Qb4 45. Qf6+ Kg8 46. Ng5 Qf8 47.
Qe6+ Kh8 48. Qd7 Qf4+ 49. Kh3 Qf6 50. Qxh7# 1-0

[Event "Early-Titled-Tuesday-Blitz-April-23-2024"]
[Site "Chess.com"]
[Date "2024.04.23"]
[Round "6"]
[White "emeli_chess"]
[Black "Jakhongir-Vakhidov"]
[Result "1-0"]
[WhiteElo "2487"]
[BlackElo "2659"]
[TimeControl "180+1"]
[EndTime "9:08:25 PDT"]
[Termination "emeli_chess won by resignation"]

1. d4 Nf6 2. c4 e6 3. Nc3 d5 4. cxd5 exd5 5. Bg5 Bb4 6. e3 h6 7.
Bxf6 Qxf6 8. Qa4+ Nc6 9. Rc1 O-O 10. Nf3 Bg4 11. Be2 Bxf3 12. Bxf3 Qd6 13. O-O Bxc3 14. Rxc3 Ne7 15. Qa3 Qxa3 16. Rxa3 c6 17. Rc3 a5 18. a4 f5 19. g3 Nc8 20. Rc5 Nd6 21. Be2 Kf7 22.
Bd3 Ke7 23. Rb1 Rfb8 24. b4 axb4 25. Rxb4 Ra7 26. a5 Rba8 27. a6 bxa6 28. Rxc6 a5 29. Rbb6 Rd8 30. Ra6 Rxa6 31. Rxa6 Ne4 32. Rxa5 Ke6 33.
Ra6+ Nd6 34. Kg2 g5 35. h3 h5 36. f4 gxf4 37. gxf4 h4 38. Kf3 Kf6 39. Rb6 Ke6 40. Ra6 Kf6 41. Rb6 Ke7 42. Ra6 Rg8 43. Ra7+ Ke6 44.
Ra6 Rg3+ 45. Kf2 Ke7 46. Ra7+ Kd8 47. Ra5 Rxh3 48. Rxd5 Ke7 49. Bxf5 Rh2+ 50. Kf3 Rh3+ 51.
Bxh3 1-0

[Event "Early-Titled-Tuesday-Blitz-April-23-2024"]
[Site "Chess.com"]
[Date "2024.04.23"]
[Round "6"]
[White "viktorskliarov"]
[Black "eagleclaw07"]
[Result "0-1"]
[WhiteElo "2610"]
[BlackElo "2873"]
[TimeControl "180+1"]
[EndTime "9:08:26 PDT"]
[Termination "eagleclaw07 won by resignation"]

1. e4 c5 2. Nf3 d6 3. d4 cxd4 4. Qxd4 Nf6 5. Nc3 Nc6 6. Bb5 Bd7 7. Bxc6 Bxc6 8. Bg5 e6 9. O-O-O Be7 10. Rhe1 O-O 11.
Kb1 Rc8 12. Qxa7 Nxe4 13. Rxe4 Bxg5 14. Nxg5 Qxg5 15. Re3 Qc5 16. Qxc5 dxc5 17. g3 Rfd8 18. Red3 Rxd3 19. Rxd3 Kf8 20. a4 Ke7 21. b3 h5 22.
h4 f6 23. Kc1 g5 24. Kd2 gxh4 25.
gxh4 Rg8 26. Rg3 Rd8+ 27. Rd3 Ra8 28. Rg3 Kf7 29. Ne2 e5 30. Rc3 b6 31. Rd3 Ke6 32. Rg3 Rd8+ 33. Rd3 Rxd3+ 34. Kxd3 Kf5 35. Ng3+ Kg4 36.
Ne4 f5 37. Nd6 f4 38. Nc4 e4+ 39. Ke2 Kxh4 40. Nxb6 Kg5 41. a5 h4 42. Kf1 h3 43.
Kg1 e3 44. fxe3 fxe3 45. Nc4 e2 46. Kf2 h2 0-1

[Event "Early-Titled-Tuesday-Blitz-April-23-2024"]
[Site "Chess.com"]
[Date "2024.04.23"]
[Round "6"]
[White "Zavgorodniy_Sergiy"]
[Black "KanalSzachowy"]
[Result "0-1"]
[WhiteElo "2582"]
[BlackElo "2433"]
[TimeControl "180+1"]
[EndTime "9:08:27 PDT"]
[Termination "KanalSzachowy won on time"]

1. e4 c5 2. Nf3 Nc6 3. Bb5 e5 4. O-O Bd6 5. b4 cxb4 6. d4 Nxd4 7. Nxd4 exd4 8. Qxd4 Qc7 9. e5 Bc5 10. Qe4 Ne7 11. Bf4 Ng6 12. Bg3 Qb6 13. Bc4 O-O 14. h4 d5 15. Bxd5 Be6 16. Bxe6 fxe6 17.
h5 Ne7 18. Nd2 Nf5 19. Qg4 Rad8 20. Nf3 Nh6 21. Qc4 Rf5 22. Rad1 Rdf8 23. Rd3 Rxh5 24. Rfd1 Nf5 25. Qg4 Rh6 26. Bf4 Rg6 27. Qh3 Bxf2+ 28. Kf1 Ng3+ 29. Bxg3 Bxg3 30. R3d2 Bf4 0-1

[Event "Early-Titled-Tuesday-Blitz-April-23-2024"]
[Site "Chess.com"]
[Date "2024.04.23"]
[Round "6"]
[White "Kyrko_Gamba"]
[Black "chess_sharparchitect"]
[Result "1-0"]
[WhiteElo "2433"]
[BlackElo "2233"]
[TimeControl "180+1"]
[EndTime "9:08:27 PDT"]
[Termination "Kyrko_Gamba won on time"]

1. e4 c5 2. Nf3 d6 3. Bb5+ Nd7 4. c3 a6 5. Ba4 Nf6 6. Bc2 g6 7. d4 cxd4 8. cxd4 Bg7 9. a4 O-O 10. Nc3 e5 11. O-O b6 12. d5 Ne8 13. Bg5 f6 14.
Be3 f5 15. exf5 gxf5 16. Ng5 Ndf6 17. Ne6 Bxe6 18. dxe6 Qe7 19. Bxf5 Rb8 20. Bc2 b5 21. axb5 axb5 22. Ra7 Rb7 23. Rxb7 Qxb7 24. Bb3 Kh8 25. Nd5 Nxd5 26. Bxd5 Qe7 27. Qb3 Nf6 28. Rd1 Ng4 29. Qxb5 Qh4 30. h3 Nxe3 31. fxe3 Qf2+ 32. Kh1 Bf6 33. Rf1 Qxe3 34. Qd7 Be7 35. Rxf8+ Bxf8 36. Qf7 Qc1+ 37. Kh2 Qf4+ 38. Qxf4 exf4 39. b4 Be7 40. b5 Bd8 41. b6 1-0

[Event "Early-Titled-Tuesday-Blitz-April-23-2024"]
[Site "Chess.com"]
[Date "2024.04.23"]
[Round "6"]
[White "klimkoj"]
[Black "MagnusCarlsen"]
[Result "0-1"]
[WhiteElo "2919"]
[BlackElo "3219"]
[TimeControl "180+1"]
[EndTime "9:08:28 PDT"]
[Termination "MagnusCarlsen won by resignation"]

1. e4 c6 2. Nf3 d6 3. d4 Nf6 4.
Bd3 e5 5. dxe5 dxe5 6. O-O Nbd7 7. Nbd2 Qc7 8. a4 Bc5 9. a5 O-O 10. c3 Rb8 11. Qe2 b5 12. axb6 axb6 13. b4 Be7 14. Nc4 b5 15. Ne3 Rd8 16. Nf5 Nb6 17. Nxe7+ Qxe7 18. Be3 Bg4 19. Bc5 Qe6 20. h3 Bxf3 21.
Qxf3 Na4 22. Be2 Nxc5 23. bxc5 Qe7 24. Qe3 Ra8 25. Rxa8 Rxa8 26. Rd1 Rd8 27. Ra1 g6 28. Ra6 Rc8 29. Bg4 Rc7 30. Qh6 Qe8 31. Qg5 Nxe4 32. Qe3 Nf6 33. Bf3 Kg7 34. g4 h6 35.
h4 Qe6 36. g5 hxg5 37. hxg5 Nd7 38. Bg2 Qe7 39. Rxc6 Nxc5 40. f4 e4 41. Qd4+ Kh7 42.
Rd6 Ne6 43. Qe5 Rc5 44. Rd5 Rxd5 45. Qxd5 Nxf4 46. Qxe4 Qxg5 47. Kf2 Qxg2+ 48. Qxg2 Nxg2 49. Kxg2 f5 0-1

[Event "Early-Titled-Tuesday-Blitz-April-23-2024"]
[Site "Chess.com"]
[Date "2024.04.23"]
[Round "6"]
[White "Maxfan2008"]
[Black "Msb2"]
[Result "1-0"]
[WhiteElo "2625"]
[BlackElo "3049"]
[TimeControl "180+1"]
[EndTime "9:08:28 PDT"]
[Termination "Maxfan2008 won by checkmate"]

1. d4 d5 2. c4 e6 3. Nc3 Bb4 4.
Qc2 dxc4 5. e3 b5 6. a4 c6 7. Bd2 Nf6 8. axb5 Bxc3 9. Bxc3 cxb5 10. b3 cxb3 11. Bxb5+ Bd7 12. Bxd7+ Nbxd7 13. Qxb3 O-O 14. Ne2 Qc7 15. Ba5 Qc6 16. O-O Rfb8 17. Qd3 Qd6 18. Rfc1 Rc8 19. e4 Nc5 20. Qc2 Ncd7 21. Qxc8+ Rxc8 22. Rxc8+ Nf8 23. e5 Qd7 24. Rd8 Qb5 25. exf6 gxf6 26.
Nc3 Qc4 27. Ra4 Qb3 28. Bb4 Kg7 29. Bxf8+ Kg6 30. Bb4 Qb2 31. g3 h5 32. Kg2 h4 33.
gxh4 Kh7 34. Ne4 Qc2 35. Nxf6+ Kg6 36. Be7 Qxa4 37. Rg8+ Kf5 38. Rg5+ Kf4 39. Rg4+ Kf5 40. Rg5+ Kf4 41. Bd6+ e5 42. Bxe5# 1-0

[Event "Early-Titled-Tuesday-Blitz-April-23-2024"]
[Site "Chess.com"]
[Date "2024.04.23"]
[Round "6"]
[White "H3nriqueTV"]
[Black "GrotBchess"]
[Result "1-0"]
[WhiteElo "2309"]
[BlackElo "2450"]
[TimeControl "180+1"]
[EndTime "9:08:28 PDT"]
[Termination "H3nriqueTV won by checkmate"]

1. e4 c5 2. Nf3 e6 3. b3 b6 4. Bb2 Bb7 5. Nc3 Nf6 6. e5 Nd5 7. d4 cxd4 8. Qxd4 Nc6 9. Qd2 Bb4 10. Bc4 Nxc3 11. Bxc3 Bxc3 12. Qxc3 Ne7 13. O-O-O Qc7 14. a4 O-O 15. Qd3 Bd5 16. Ng5 g6 17. Bxd5 Nxd5 18. Rhe1 Rac8 19. c4 Qc5 20. Kb2 Nb4 21. Qg3 Nc6 22.
f4 Qb4 23. Ne4 Na5 24. Ka2 Nxc4 25. bxc4 Qxa4+ 26. Qa3 Qc2+ 27. Qb2 Qa4+ 28. Qa3 Qxc4+ 29. Qb3 Qa6+ 30. Kb2 Rc7 31. Rxd7 Rxd7 32. Nf6+ Kg7 33. Nxd7 Rd8 34. Rd1 Qe2+ 35. Ka1 a5 36. Qd3 Qxg2 37. f5 exf5 38. e6 fxe6 39. Qd4+ Kh6 40. Qh4+ Kg7 41.
Qxd8 Qc2 42. Qf8# 1-0

[Event "Early-Titled-Tuesday-Blitz-April-23-2024"]
[Site "Chess.com"]
[Date "2024.04.23"]
[Round "6"]
[White "briesmas"]
[Black "SaiAgni_98"]
[Result "0-1"]
[WhiteElo "2234"]
[BlackElo "2471"]
[TimeControl "180+1"]
[EndTime "9:08:30 PDT"]
[Termination "SaiAgni_98 won by checkmate"]

1. e4 c6 2. d4 d5 3. exd5 cxd5 4. Bd3 Nc6 5. c3 Nf6 6. Bf4 Bg4 7. Ne2 e6 8. O-O Bd6 9. f3 Bh5 10. Qe1 Bg6 11. Bxg6 hxg6 12. Qg3 Nh5 13. Qh3 Bxf4 14. Nxf4 Qg5 15. Nxh5 Rxh5 16. Qg3 Qe3+ 17. Qf2 Qh6 18. h3 O-O-O 19. Nd2 Rh8 20. Rad1 Ne7 21. c4 Qg5 22. f4 Rxh3 23. Qf3 Rh1+ 24. Kf2 Qh4+ 25. Ke2 Rh2 26. cxd5 Nxd5 27. Rc1+ Kb8 28. Ne4 Qd8 29. Rc2 Qb6 30. Rfc1 Qxd4 31. Nd6 Nxf4+ 32. Qxf4 Rxg2+ 33. Ke1 Rh1+ 34. Qf1 Rxf1+ 35. Kxf1 Qg1# 0-1

[Event "Early-Titled-Tuesday-Blitz-April-23-2024"]
[Site "Chess.com"]
[Date "2024.04.23"]
[Round "6"]
[White "Dewarfd"]
[Black "vedantgoswami"]
[Result "0-1"]
[WhiteElo "2103"]
[BlackElo "2338"]
[TimeControl "180+1"]
[EndTime "9:08:32 PDT"]
[Termination "vedantgoswami won on time"]

1. c4 Nf6 2. Nc3 e6 3. e4 d5 4. e5 d4 5. exf6 dxc3 6. fxg7 cxd2+ 7. Qxd2 Qxd2+ 8. Bxd2 Bxg7 9. O-O-O Bd7 10. Bd3 Bc6 11.
f3 Nd7 12. Nh3 Ne5 13. Be2 Rd8 14. Nf4 h5 15. h4 Bh6 16. Nh3 Bxd2+ 17. Rxd2 Ke7 18.
Rxd8 Kxd8 19. Nf4 Ke7 20. Re1 Kf6 21. b3 a5 22. Nh3 Be8 23. Ng5 Bd7 24. Ne4+ Ke7 25.
Nc5 Bc8 26. Bf1 Nc6 27. Bd3 Rg8 28. Re2 Nd4 29. Rf2 b6 30. Ne4 f6 31. Kd2 Bb7 32. Kc3 c5 33. Nd2 f5 34. Nf1 Kf6 35. Ne3 Bc6 36.
Nc2 e5 37. Ne3 Rd8 38. a3 Ke6 39. b4 axb4+ 40. axb4 cxb4+ 41. Kxb4 f4 42. Nc2 Nxf3 43. gxf3 Rxd3 44. Ne1 Rd1 45. Nc2 Rb1+ 46. Kc3 Kf5 47. Rg2 Bxf3 48. Rg5+ Ke6 49. Nb4 Bg4 50. Nd5 f3 0-1

[Event "Early-Titled-Tuesday-Blitz-April-23-2024"]
[Site "Chess.com"]
[Date "2024.04.23"]
[Round "6"]
[White "jk13"]
[Black "snowlord"]
[Result "0-1"]
[WhiteElo "2687"]
[BlackElo "2917"]
[TimeControl "180+1"]
[EndTime "9:08:33 PDT"]
[Termination "snowlord won by resignation"]

1. e4 c5 2. c3 Nf6 3. e5 Nd5 4.
Bc4 Nb6 5. Bb3 c4 6. Bc2 d6 7.
exd6 Qxd6 8. Nf3 Nc6 9. Qe2 Bg4 10. Na3 Bxf3 11. Qxf3 Qe5+ 12. Kf1 e6 13. b3 Bxa3 14.
Bxa3 Rd8 15. Qe2 Qa5 16. Bb2 Qc5 17. a4 Qd5 18. Be4 Qxd2 19. a5 Nxa5 20. Rxa5 Qd1+ 21. Qe1 Qxb3 22. Bf3 Qxb2 23. Rxa7 O-O 24. Rxb7 Rb8 25. Rxb8 Rxb8 26. g3 Na4 27. Qe5 g6 28. Kg2 Qb5 29. Qe3 Qc5 30. Qf4 Rf8 31. Qd2 Qa3 32. Rc1 Nc5 33. Rc2 Nd3 34. Qe3 Qb3 35. Rd2 Qxc3 36.
Be4 Rd8 37. h4 h5 38. Qg5 Ne1+ 39. Kf1 Qxd2 0-1

[Event "Early-Titled-Tuesday-Blitz-April-23-2024"]
[Site "Chess.com"]
[Date "2024.04.23"]
[Round "6"]
[White "Skatchkov_V"]
[Black "KhazhatulyAlikhan"]
[Result "1-0"]
[WhiteElo "2674"]
[BlackElo "2469"]
[TimeControl "180+1"]
[EndTime "9:08:33 PDT"]
[Termination "Skatchkov_V won by resignation"]

1. d4 d5 2. c4 e6 3. Nf3 Nf6 4.
g3 dxc4 5. Bg2 c5 6. O-O Be7 7. dxc5 Qxd1 8. Rxd1 Bxc5 9. Nbd2 c3 10. bxc3 O-O 11. Nb3 Bb6 12. c4 Na6 13. Ba3 Re8 14. Nfd4 Rb8 15. Nb5 Bd7 16. Nd6 Red8 17. Nxb7 Rdc8 18.
c5 Bc7 19. c6 Be8 20. Rac1 Ra8 21. Nd6 Rd8 22. Nb5 Rxd1+ 23. Rxd1 Nd5 24. Rc1 Bb6 25. Nd6 Nac7 26. e3 Nf6 27. Nc4 Nfd5 28. Bd6 Rc8 29. a4 Na6 30. a5 Bd8 31. Ne5 f6 32. Nd7 Bxd7 33. cxd7 Rxc1+ 34. Nxc1 Kf7 35. Nb3 Ne7 36. Bb7 Nc7 37. Nd4 Ncd5 38. a6 Bb6 39. e4 e5 40.
Nb5 Nc3 41. Nxc3 Bd4 42. d8=Q 1-0

[Event "Early-Titled-Tuesday-Blitz-April-23-2024"]
[Site "Chess.com"]
[Date "2024.04.23"]
[Round "6"]
[White "bazar-wokzal"]
[Black "JoliyRoger"]
[Result "1-0"]
[WhiteElo "2596"]
[BlackElo "2411"]
[TimeControl "180+1"]
[EndTime "9:08:33 PDT"]
[Termination "bazar-wokzal won on time"]

1. e4 c6 2. d4 d5 3. f3 dxe4 4. fxe4 e5 5. Nf3 Be6 6. c3 Nd7 7. Ng5 Ngf6 8. Nxe6 fxe6 9. Bc4 exd4 10. cxd4 e5 11. O-O Qb6 12. Be3 exd4 13. Bg5 O-O-O 14. Nd2 h6 15. Bh4 Bd6 16. Be6 Qc7 17. Nf3 Kb8 18. Kh1 Nc5 19. Bf5 g5 20. Bf2 Ncxe4 21.
Bxd4 c5 22. Bxe4 cxd4 23. Qxd4 Nxe4 24. Qxe4 Rhe8 25. Qg4 Qb6 26. b3 a6 27. Rae1 Rf8 28.
Re6 Qc7 29. Rxh6 Bf4 30. g3 Rd3 31. gxf4 Rxf4 32. Rh8+ Ka7 33. Qg1+ b6 34. Qg2 1-0